 Dungeon Crawl Stone Soup version 0.20.1-1-g8b1a95d (webtiles) character file.

25 pstr the Conjurer (level 3, -2/19 HPs)
             Began as a Kobold Conjurer on Nov 14, 2017.
             Slain by Sigmund
             ... wielding a cursed -3 scythe
              (7 damage)
             ... on level 2 of the Dungeon.
             The game lasted 00:03:37 (1157 turns).

pstr the Conjurer (Kobold Conjurer)                 Turns: 1157, Time: 00:03:38

Health: -2/19      AC:  3    Str:  5    XL:     3   Next: 20%
Magic:  5/6        EV: 15    Int: 17    God:
Gold:   41         SH:  0    Dex: 15    Spells: 3/6 levels left

rFire    . . .     SeeInvis .   (weapon restricted)
rCold    . . .     Gourm    .   (shield restricted)
rNeg     . . .     Faith    .   a - +0 robe
rPois    .         Spirit   .   (no helmet)
rElec    .         Reflect  .   (no cloak)
rCorr    .         Harm     .   (no gloves)
MR       .....                  d - +0 pair of boots
Stlth    ++........             (no amulet)
Regen    0.1/turn               (no ring)
MPRegen  0.1/turn               (no ring)

@: no status effects
A: carnivore 3
a: no special abilities


You were on level 2 of the Dungeon.
You were very full.

You visited 1 branch of the dungeon, and saw 2 of its levels.

You collected 41 gold pieces.

Inventory:

Missiles
 e - 29 stones (quivered)
 k - 23 arrows
Armour
 a - a +0 robe (worn)
 d - a +0 pair of boots (worn)
 h - a +0 ring mail
Scrolls
 f - a scroll of magic mapping {unknown}
 i - a scroll of fear {unknown}
 l - 2 scrolls of teleportation {unknown}
 m - a scroll of identify {unknown}
 n - a scroll of immolation {unknown}
Potions
 g - a potion of flight {unknown}
Books
 b - a book of Conjurations

   Spells                             Type                      Level
   a - Magic Dart                     Conjuration                  1
   b - Searing Ray                    Conjuration                  2
   c - Dazzling Spray                 Conjuration/Hexes            3
   d - Fulminant Prism                Conjuration/Hexes            4
   e - Force Lance                    Conjuration/Translocation    4
   f - Iskenderun's Mystic Blast      Conjuration                  4
Comestibles
 c - a meat ration
 j - 2 chunks of flesh


   Skills:
 + Level 2.4 Dodging
 + Level 2.9 Stealth
 + Level 2.2 Spellcasting
 + Level 4.8 Conjurations


You had 3 spell levels left.
You knew the following spells:

 Your Spells              Type           Power        Failure   Level  Hunger
a - Magic Dart            Conj           ###.         2%          1    #......
b - Searing Ray           Conj           ###...       3%          2    ###....


Dungeon Overview and Level Annotations

Branches:
Dungeon (2/15)

Altars:

Annotations:
D:2 Sigmund


Innate Abilities, Weirdness & Mutations

You are small and have problems with some larger weapons.
You are carnivorous and can eat meat at any time.


Message History

You finish channeling your searing ray.
Sigmund shouts!
Sigmund casts a spell.
Sigmund flickers and vanishes!
Deactivating autopickup; reactivate with Ctrl-A.
There is a stone staircase leading up here.
You open the door.
A magic dart appears from out of thin air!
The magic dart hits you!
There is an open door here.
You start resting.
You hear some strange, mumbled words.
You are confused.
You're too confused to move!
You bump into the rock wall.
Something hits you.
You bump into the rock wall.
Something hits you.
* * * LOW HITPOINT WARNING * * *
You feel less confused. Something hits you!
You die...

.............
.........#.............
#........+............. ..
#........#............. ...
#............#####.....
....#.........##.# #.....
....##........##.# #.....
..............##.#####.....
..........@................
..................{........
.........{.................
##.......####..............
#.......# #..<..########.
#######.####.....# #.
#....'.....# #.
######.....# #######


There were no monsters in sight!

Vanquished Creatures
  2 leopard geckos (D:1)
  A giant cockroach (D:1)
  A goblin (D:2)
  4 hobgoblins (D:1)
  3 kobolds (D:1)
  9 bats (D:1)
  4 rats
24 creatures vanquished.

Notes
Turn   | Place    | Note
-------+----------+-------------------------------------------
     0 | D:1      | pstr the Kobold Conjurer began the quest for the Orb.
     0 | D:1      | Reached XP level 1. HP: 10/10 MP: 3/3
   252 | D:1      | Reached XP level 2. HP: 15/15 MP: 3/5
   256 | D:1      | Learned a level 2 spell: Searing Ray
   881 | D:1      | Reached XP level 3. HP: 19/19 MP: 2/6
  1112 | D:2      | Noticed Sigmund
  1157 | D:2      | Slain by Sigmund

Action                   || total
-------------------------++-------
Melee: Unarmed           ||    12
 Cast: Magic Dart        ||    40
       Searing Ray       ||     1
  Eat: Chunk             ||     9
Armor: Robe              ||     4
Dodge: Dodged            ||    13
